 Dungeon Crawl Stone Soup version 0.29-a0-311-gcbd9eb2193 (webtiles) character file.

Game seed: 5670158282219016850

550 Leszczynek the Chopper (level 7, 1/56 HPs)
             Began as a Human Gladiator on Mar 28, 2022.
             Was an Initiate of Ashenzari.
             Quit the game on level 6 of the Dungeon.
             The game lasted 00:17:42 (2428 turns).

Leszczynek the Chopper (Human Gladiator)            Turns: 2428, Time: 00:17:42

Health: 1/56       AC:  5    Str: 16    XL:     7   Next: 54%
Magic:  6/6        EV: 12    Int:  9    God:    Ashenzari [......]
Gold:   152        SH:  0    Dex: 14    Spells: 6/6 levels left

rFire   . . .      SeeInvis .   a - +0 war axe
rCold   . . .      Faith    .   (no shield)
rNeg    . . .      Spirit   .   p - +0 ring mail
rPois   .          Reflect  .   (helmet restricted)
rElec   .          Harm     .   (no cloak)
rCorr   .          Rampage  .   (no gloves)
Will    .....                   (no boots)
Stlth   +.........              (no amulet)
HPRegen 0.18/turn               (no ring)
MPRegen 0.10/turn               (no ring)

@: no status effects
A: beak, horns 1, low MP 1
a: Renounce Religion, Curse Item


You were on level 6 of the Dungeon.
You worshipped Ashenzari.
Ashenzari was noncommittal.
You visited 2 branches of the dungeon, and saw 7 of its levels.
You also visited: Sewer.

You collected 152 gold pieces.

Inventory:

Hand Weapons
 a - a +0 war axe (weapon)
 b - a +0 hand crossbow
 f - a +0 great sword
Missiles
 e - 4 javelins (quivered)
Armour
 j - a +0 leather armour
 p - a +0 ring mail (worn)
Scrolls
 g - a scroll of blinking {unknown}
 h - 2 scrolls of vulnerability {unknown}
 i - a scroll of identify {unknown}
 k - a scroll of immolation {!r}
 q - a scroll of noise {unknown}
 r - a scroll of enchant weapon {unknown}
 t - a scroll of fog {unknown}
 u - a scroll of amnesia {unknown}
 v - a scroll of teleportation {unknown}
 y - a scroll of acquirement {unknown}
Potions
 d - 3 potions of curing {@q1}
 l - a potion of might {unknown}
 m - a potion of invisibility {unknown}
 n - a potion of mutation {!q}
 s - a potion of degeneration {unknown}
 w - a potion of cancellation {unknown}
 x - a potion of attraction {unknown}
 z - a potion of resistance {unknown}
 A - a potion of heal wounds {@q2}
 B - 2 potions of haste {unknown}


   Skills:
 * Level 5.0 Fighting
 * Level 5.5 Axes
 - Level 2.1 Throwing
 + Level 4.4 Dodging


You had 6 spell levels left.
You didn't know any spells.
Your spell library was empty.

Dungeon Overview and Level Annotations

Branches:
Dungeon (6/15)             Temple (1/1) D:4           Sewer (visited)

Altars:
Ashenzari
Fedhas
Gozag
Hepliaklqana
Okawaru
Ru
Trog
Uskayaw
Vehumet
Yredelemnul
Zin
The Shining One

Shops:
D:2 =(

Annotations:
D:2 Sigmund


Innate Abilities, Weirdness & Mutations

You have a beak for a mouth.
You have a pair of small horns on your head.
Your magical capacity is low. (-10% MP)


Message History

You throw a javelin. The javelin barely misses the ogre.
The ogre hits you with a +0 giant club!!
You slash the ogre!
You kill the ogre!
Your Fighting skill increases to level 5!
You see here a +0 giant club.
h - 2 scrolls labelled REIGOE SONG (gained 1)
You see here a +0 giant club.
e - 5 javelins (gained 2)
e - 6 javelins (gained 1)
Found 17 gold pieces.
A steam dragon comes into view.
The steam dragon hisses angrily.
You aren't carrying any items that you can evoke.
Okay, then.
Okay, then.
Throw: 6 javelins
Press: ? - help, Q - select action Shift-Dir - straight line, f - steam dragon
Aim: a steam dragon (62% to hit)
You throw a javelin.
The javelin barely misses the steam dragon.
Throw: 5 javelins
Press: ? - help, Q - select action Shift-Dir - straight line, f/p - steam dragon
Aim: a steam dragon (62% to hit)
You throw a javelin.
The javelin pierces through the steam dragon but does no damage.
You barely miss the steam dragon. Your peck misses the steam dragon.
The steam dragon breathes steam at you. The ball of steam misses you.
You barely miss the steam dragon.
You headbutt the steam dragon, but do no damage.
You peck the steam dragon, but do no damage.
You are engulfed in a cloud of scalding steam.
The steam dragon bites you! The steam dragon claws you.
You barely miss the steam dragon.
You are engulfed in a cloud of scalding steam.
The steam dragon breathes steam at you. The ball of steam hits you!!
* * * LOW HITPOINT WARNING * * *
Are you sure you want to abandon this character and quit the game? (Confirm with "yes".)

############
#...D....((#
#.########.#
...####.#
#.# #......#
#D#
.D.######
###@####
#.§§...#
#.#§##.#
#.#§##.#
#...##.#
#..###.#
#.)###.#
#...<..#
##.#####


You could see a steam dragon.

Vanquished Creatures
  An ice beast (D:5)
  An ogre (D:6)
  A howler monkey (D:5)
  A hound (D:5)
  A jelly (D:5)
  2 orc wizards (D:5)
  2 iguanas (D:5)
  A gnoll (D:6)
  4 adders
  2 river rats (D:5)
  2 worms
  5 dart slugs
  6 orcs
  7 ball pythons
  12 bats
  3 endoplasms
  A giant cockroach (Sewer)
  6 goblins
  7 hobgoblins
  2 jackals (D:3)
  16 kobolds
  3 quokkas
  5 frilled lizards
  9 rats
100 creatures vanquished.

Vanquished Creatures (others)
  A goblin (D:1)
  A fungus (Sewer)
  5 plants
7 creatures vanquished.

Grand Total: 107 creatures vanquished

Notes
Turn   | Place    | Note
-------+----------+-------------------------------------------
     0 | D:1      | Leszczynek the Human Gladiator began the quest for the Orb.
     0 | D:1      | Reached XP level 1. HP: 16/16 MP: 1/1
    49 | D:1      | Reached XP level 2. HP: 22/22 MP: 2/2
    51 | D:1      | Noticed a golden eye
    53 | D:1      | Found a faded altar of an unknown god.
    56 | D:1      | Noticed a floating eye
    56 | D:1      | Noticed a great orb of eyes
    56 | D:1      | Noticed a golden eye
    66 | D:1      | Prayed at the altar of an unknown god.
    66 | D:1      | Became a worshipper of Ashenzari the Shackled
   176 | D:1      | Reached XP level 3. HP: 14/28 MP: 3/3
   465 | D:2      | Found Cefenaf's Jewellery Boutique.
   525 | D:2      | Reached XP level 4. HP: 28/34 MP: 4/4
   613 | D:3      | Noticed an ogre
   646 | D:2      | Found Ehe Juely's Weapon Boutique.
   748 | D:3      | Reached skill level 3 in Fighting
   821 | D:2      | Noticed Sigmund
  1061 | D:4      | Found a staircase to the Ecumenical Temple.
  1070 | Temple   | Entered the Ecumenical Temple
  1215 | D:5      | Entered Level 5 of the Dungeon
  1227 | D:5      | Reached skill level 4 in Axes
  1227 | D:5      | Reached XP level 5. HP: 41/41 MP: 5/5
  1426 | D:5      | Reached XP level 6. HP: 37/48 MP: 6/6
  1488 | D:5      | Found a glowing drain.
  1508 | D:5      | Reached skill level 4 in Fighting
  1528 | Sewer    | Entered a sewer
  1770 | D:5      | i'd love to take something from you ash
  1770 | D:5      | but i have nothing worth cursing XD
  1811 | D:4      | Found an iron altar of Okawaru.
  1899 | D:5      | Reached skill level 4 in Dodging
  1915 | D:5      | Noticed an ice beast
  1918 | D:5      | Identified the +1 robe "Wainakk" {rN+ Int+2}
  1947 | D:5      | HP: 4/49 [ice beast (13)]
  1950 | D:5      | Gained mutation: You have a pair of small horns on your
                  | head. [potion of mutation]
  1950 | D:5      | Gained mutation: Your magical capacity is low. (-10% MP)
                  | [potion of mutation]
  1950 | D:5      | Gained mutation: You have a beak for a mouth. [potion of
                  | mutation]
  1952 | D:5      | Killed an ice beast
  1953 | D:5      | Reached skill level 5 in Axes
  1953 | D:5      | Reached XP level 7. HP: 35/55 MP: 6/6
  2375 | D:6      | Reached skill level 5 in Fighting
  2404 | D:6      | Noticed a steam dragon
  2427 | D:6      | HP: 1/56 [steam dragon/ball of steam (20)]
  2428 | D:6      | Quit the game

Illustrated notes

........#.# #.# ###....##.# #.#
###.......# #<# .....(..### #.#
###.....# #.# ##...## #.#
#.#.#.## ##########.#
##.##.##.#########....÷.....###
................@..#####.....≈#
##<##.##.########### #...≈≈≈#
.. ...#.## #..≈≈≈≈# # ##.#.#
#..≈≈≈≈# ##.# ##.≈≈≈.# ##
#######


Turn 1770 on D:5: i'd love to take something from you ash

Levels and vault maps discovered:
D:1:      dpeg_arrival_pits, layout_basic,
          hellmonk_ecumenical_altar_watching_god,
          chequers_serial_rivers_small_b, minmay_misc_feat_tiny
D:2:      layout_basic, serial_shops, nicolae_lakefront_shop, shop,
          minmay_cut_off, uniq_sigmund
D:3:      layout_rooms, serial_aquarium, aquarium_bridge_long_joined
          [aquarium_subvault_balcony, aquarium_subvault_window,
          aquarium_subvault_wall, aquarium_subvault_window,
          aquarium_subvault_bridge, aquarium_subvault_bridge],
          aquarium_bridge_straight [aquarium_subvault_bridge,
          aquarium_subvault_window, aquarium_subvault_bridge,
          aquarium_subvault_balcony], aquarium_window_2, aquarium_window_1,
          aquarium_view_2e, aquarium_pool_corner
D:4:      layout_cave_pods, okawaru_altar_gauntlet_db,
          minmay_temple_entry_gardened_gates, hangedman_abyss_or_decor_passed
D:5:      layout_loops_ring, portal_sewer_entry_b, serial_glass,
          glass_columns_b, glass_columns_c, glass_columns_c,
          due_unseen_surprise, minmay_strange_pillars
D:6:      layout_loops_cross, ebering_ghost_gozag, nicolae_shop_clearance,
          uniq_eustachio
Temple:   compressed_dpeg_circular_temple

Skill      XL: |  1  2  3  4  5  6  7 |
---------------+----------------------+-----
Fighting       | 3 4 5 |  5.0
Axes           | 4 5 |  5.5
Dodging        | 4 |  4.4
Throwing       | |  2.1

Action                   |  1- 3 |  4- 6 |  7- 9 || total
-------------------------+-------+-------+-------++-------
Melee: War axe           |    61 |   210 |    25 ||   296
       Headbutt          |       |       |     7 ||     7
       Peck              |       |       |     3 ||     3
 Fire: Hunting sling     |       |     6 |       ||     6
       Hand crossbow     |       |     6 |       ||     6
Throw: Throwing net      |     1 |     2 |       ||     3
       Javelin           |       |     2 |     5 ||     7
Evoke: Wand              |       |     6 |       ||     6
  Use: Potion            |       |     4 |       ||     4
       Scroll            |       |     1 |       ||     1
 Stab: Sleeping          |     1 |       |       ||     1
       Held in net/web   |     1 |       |       ||     1
Armor: Leather armour    |    29 |    16 |       ||    45
       Ring mail         |       |    83 |     6 ||    89
Dodge: Dodged            |    52 |   154 |    12 ||   218

Table legend: (Time is in decaauts)
 A = Elapsed time spent in this place.
 B = Non-inter-level travel time spent in this place.
 C = Inter-level travel time spent in this place.
 D = Time resting spent in this place.
 E = Time spent auto-exploring this place.
 F = Levels seen in this place.
 G = Mean time per level.
                   A        B        C        D        E       F      G
               +--------+--------+--------+--------+--------+-----+--------+
         Total |   2663 |   2572 |     91 |     14 |    124 |   8 |  332.9 |
       Dungeon |   2369 |   2278 |     91 |     14 |    124 |   6 |  394.8 |
        Temple |     39 |     39 |      0 |      0 |      0 |   1 |   39.0 |
         Sewer |    254 |    254 |      0 |      0 |      0 |   1 |  254.0 |
               +--------+--------+--------+--------+--------+-----+--------+

Top non-repeatable levels by time:
     D:5: 1003 daAuts
     D:2: 447 daAuts
     D:3: 328 daAuts
     D:1: 266 daAuts
   Sewer: 254 daAuts
     D:4: 223 daAuts
     D:6: 100 daAuts
  Temple: 39 daAuts
